 Dungeon Crawl Stone Soup version 0.18-a0-1405-g73f4075 (webtiles) character file.

817 Tomstefer the Destroyer (level 7, -1/41 HPs)
             Began as a Tengu Conjurer on Feb 25, 2016.
             Was an Initiate of Vehumet.
             Slain by a gnoll
             ... wielding a +0 halberd
              (9 damage)
             ... on level 5 of the Dungeon.
             The game lasted 00:15:57 (4642 turns).

Tomstefer the Destroyer (Tengu Conjurer)            Turns: 4642, Time: 00:15:58

Health: -1/41      AC: 10    Str:  8    XL:     7   Next: 94%
Magic:  9/23       EV: 11    Int: 17    God:    Vehumet [......]
Gold:   213        SH:  0    Dex: 15    Spells: 3 memorised, 6 levels left

rFire  . . .     SeeInvis .     o - +2 dagger (venom)
rCold  . . .     Gourm    .     x - +3 ring mail
rNeg   . . .     Faith    .     (no shield)
rPois  +         Spirit   .     t - +2 hat
rElec  .         Dismiss  .     (no cloak)
rCorr  .         Reflect  .     (no gloves)
SustAt .         Harm     .     (boots unavailable)
MR     .....                    (no amulet)
Stlth  +.........               u - ring of magical power
                                n - ring of poison resistance

@: not resistant to hostile enchantments, very unstealthy
A: beak, talons 3, able to fly 1
a: Fly, Renounce Religion


You were on level 5 of the Dungeon.
You worshipped Vehumet.
Vehumet was noncommittal.
You were near starving.

You visited 2 branches of the dungeon, and saw 6 of its levels.

You collected 213 gold pieces.

Inventory:

Hand Weapons
 o - a +2 dagger of venom (weapon)
 y - a +2 whip of electrocution
Armour
 e - a +0 leather armour
 t - a +2 hat (worn)
 x - a +3 ring mail (worn)
Jewellery
 i - an uncursed ring of resist corrosion
 n - a ring of poison resistance (left hand)
 u - a ring of magical power (right hand)
Wands
 v - a wand of digging (5/24)
 D - a wand of flame (27/48)
Scrolls
 d - 2 scrolls of teleportation
 f - a scroll of amnesia
 k - 3 scrolls of fog
 m - 2 scrolls of identify
 z - 2 scrolls of fear
Potions
 h - a potion of degeneration {unknown}
 j - a potion of curing {unknown}
 l - a potion of magic {unknown}
 p - a potion of might {unknown}
 w - a potion of cancellation {unknown}
 B - a potion of flight {unknown}
 C - a potion of heal wounds {unknown}
 E - a potion of lignification {unknown}
Books
 b - a book of Conjurations

   Spells                             Type                      Level
   a - Magic Dart                     Conjuration                  1
   b - Searing Ray                    Conjuration                  2
   c - Dazzling Spray                 Conjuration/Hexes            3
   d - Fulminant Prism                Conjuration/Hexes            4
   e - Iskenderun's Mystic Blast      Conjuration                  4
   f - Iskenderun's Battlesphere      Conjuration/Charms           5
 q - a book of Fire

   Spells                             Type                      Level
   a - Ignite Poison                  Fire/Transmutation/Poison    3
   b - Fireball                       Conjuration/Fire             5
   c - Bolt of Fire                   Conjuration/Fire             6
   d - Delayed Fireball               Conjuration/Fire             7
   e - Ring of Flames                 Charms/Fire                  7
Comestibles
 c - 4 bread rations
 g - a meat ration
 r - a slice of pizza
 s - 6 fruits


   Skills:
 - Level 3.0 Fighting
 + Level 2.1 Armour
 - Level 4.0 Dodging
 - Level 2.0 Stealth
 + Level 4.2 Spellcasting
 - Level 8.4 Conjurations
 + Level 1.3 Charms


You had 6 spell levels left.
You knew the following spells:

 Your Spells              Type           Power        Failure   Level  Hunger
a - Magic Dart            Conj           ####         1%          1    None
b - Searing Ray           Conj           ####..       1%          2    ##.....
c - Iskenderun's Battles  Conj/Chrm      ###.....     99%         5    ######.


Dungeon Overview and Level Annotations

Branches:
Dungeon (5/15)             Temple (1/1) D:4

Altars:
Ashenzari
Cheibriados
Dithmenos
Fedhas
Gozag
Kikubaaqudgha
Nemelex Xobeh
Pakellas
Qazlal
Ru
Trog
Vehumet
Yredelemnul
Zin
The Shining One


Innate Abilities, Weirdness & Mutations

You have a beak for a mouth.
You have claws for feet.
You can fly.


Message History

Aiming: Searing Ray
Press: ? - help, Shift-Dir - straight line, f - gnoll
Aim: a gnoll The searing ray hits the gnoll.
The gnoll is moderately wounded.
You are near starving!
The gnoll completely misses you.
The gnoll hits you from afar with a halberd!
The searing ray hits the gnoll.
The gnoll is severely wounded.
The gnoll barely misses you.
The searing ray hits the gnoll.
You kill the gnoll!
Vehumet accepts your kill.
The gnoll hits you from afar with a halberd!
* * * LOW HITPOINT WARNING * * *
The searing ray hits the gnoll.
The gnoll is severely wounded.
The gnoll hits you from afar with a halberd!
You die...

.##########
..........#########
...g..............#######
.............)...........
#.....#.#.###.##...####.
#.### #.#.)@.g##.#.#
#.########.#..# #<#
#####.##.# #.# #......#..
#.# #......##.# #.#
#......# .# . #####.## .#
..########.# ...........#


You could see a gnoll.

Vanquished Creatures
  A phantom (D:4)
  An ogre (D:4)
  A scorpion (D:4)
  A howler monkey (D:5)
  A hound (D:4)
  2 orc priests (D:4)
  An orc wizard (D:3)
  Ijyb (D:2)
  Natasha (thrice) (D:4)
  A worker ant (D:4)
  A hound skeleton (D:5)
  13 gnolls
  5 adders
  An ooze (D:4)
  6 worms
  2 dart slugs
  2 giant geckos
  12 orcs
  3 ball pythons
  4 giant cockroaches
  5 goblins
  7 hobgoblins
  3 jackals (D:4)
  10 kobolds
  3 quokkas
  8 bats
  A giant newt (D:4)
  8 rats
107 creatures vanquished.

Notes
Turn   | Place    | Note
--------------------------------------------------------------
     0 | D:1      | Tomstefer the Tengu Conjurer began the quest for the Orb.
     0 | D:1      | Reached XP level 1. HP: 10/10 MP: 4/4
   248 | D:1      | Reached XP level 2. HP: 13/15 MP: 4/6
   295 | D:1      | Reached skill level 6 in Conjurations
   904 | D:1      | Reached XP level 3. HP: 19/19 MP: 4/7
  1054 | D:2      | Learned a level 2 spell: Searing Ray
  1562 | D:2      | Reached skill level 7 in Conjurations
  1564 | D:2      | Found a faded altar to an unknown god.
  1666 | D:2      | Noticed Ijyb
  1683 | D:2      | Killed Ijyb
  1683 | D:2      | Reached XP level 4. HP: 24/24 MP: 8/8
  2447 | D:3      | Reached skill level 8 in Conjurations
  2450 | D:3      | Gained mutation: You can fly. [Tengu growth]
  2450 | D:3      | Reached XP level 5. HP: 28/28 MP: 9/9
  2466 | D:3      | Reached skill level 1 in Fighting
  2813 | D:3      | Found an ancient bone altar of Kikubaaqudgha.
  2855 | D:3      | Reached XP level 6. HP: 30/34 MP: 6/10
  2909 | D:3      | Found a sacrificial altar of Ru.
  3031 | D:4      | Learned a level 5 spell: Iskenderun's Battlesphere
  3260 | D:4      | Reached XP level 7. HP: 35/40 MP: 12/12
  3775 | D:4      | Noticed Natasha
  3778 | D:4      | Killed Natasha
  3925 | D:4      | Noticed Natasha
  3929 | D:4      | Killed Natasha
  4068 | D:4      | Found a glowing silver altar of Zin.
  4068 | D:4      | Noticed an angel
  4092 | D:4      | Noticed Natasha
  4100 | D:4      | Killed Natasha
  4100 | D:4      | Reached skill level 1 in Armour
  4133 | D:4      | Reached skill level 1 in Charms
  4195 | D:4      | Found a staircase to the Ecumenical Temple.
  4203 | Temple   | Entered the Ecumenical Temple
  4426 | Temple   | Became a worshipper of Vehumet
  4503 | D:5      | Entered Level 5 of the Dungeon
  4642 | D:5      | Slain by a gnoll

Vault maps used:
D:1:      elethiomel_arrival_quiet, wad_floor_pattern_1
D:2:      ecumenical_altar_1, first_bread, uniq_iyjb
D:3:      kiku_gazebo_pond_becter, nicolae_ru_the_path_less_chosen
D:4:      zin_angel, minmay_temple_entry_enclosed_plants, uniq_natasha
D:5:      elyvilon_altar_3, uniq_grinder
Temple:   dpeg_five_rooms_temple_12

Skill      XL: |  1  2  3  4  5  6  7 |
---------------+----------------------+-----
Conjurations   | 6 7 8 |  8.4
Fighting       | 1 2 3 |  3.0
Dodging        | 3 4 |  4.0
Spellcasting   | 3 4 |  4.2
Armour         | 2 |  2.1
Charms         | 1 |  1.3
Stealth        | |  2.0

Action                   |  1- 3 |  4- 6 |  7- 9 || total
-------------------------+-------+-------+-------++-------
Melee: Spear             |     5 |       |       ||     5
       Dagger            |     7 |       |     1 ||     8
       Whip              |       |    11 |       ||    11
 Cast: Magic Dart        |    75 |    92 |    50 ||   217
       Searing Ray       |     3 |     7 |     9 ||    19
  Use: Scroll            |       |     6 |     2 ||     8
  Eat: Chunk             |     4 |     6 |     3 ||    13
